 Dungeon Crawl Stone Soup version 0.27.0-1-g7a089689b8 (webtiles) character file.

Game seed: 13281723932314149575

2858 freelancePsychic the Covert (level 9, -13/44 HPs)
             Began as a Spriggan Delver on Aug 13, 2021.
             Was an Initiate of Wu Jian.
             Killed from afar by a rime drake (22 damage)
             ... with a flash freeze
             ... on level 4 of the Lair of Beasts.
             The game lasted 00:14:42 (3341 turns).

freelancePsychic the Covert (Spriggan Delver)       Turns: 3341, Time: 00:14:43

Health: -13/44     AC:  5    Str: 14    XL:     9   Next: 47%
Magic:  10/10      EV: 20    Int: 11    God:    Wu Jian [......]
Gold:   125        SH:  0    Dex: 20    Spells: 8/8 levels left

rFire    . . .     SeeInvis +   a - +0 short sword
rCold    . . .     Faith    .   (shield restricted)
rNeg     . . .     Spirit   .   k - +0 steam dragon scales
rPois    .         Reflect  .   (helmet restricted)
rElec    .         Harm     .   (no cloak)
rCorr    .         Rampage  .   (gloves unavailable)
Will     +....                  (boots unavailable)
Stlth    ++++++....             (no amulet)
HPRegen  0.14/turn              d - +6 ring of strength
MPRegen  0.12/turn              (no ring)

@: very quick
A: very small, no large weapons, unfitting armour, see invisible, speed 3
a: Renounce Religion


You were on level 4 of the Lair of Beasts.
You worshipped Wu Jian.
Wu Jian was noncommittal.
You visited 2 branches of the dungeon, and saw 13 of its levels.

You collected 125 gold pieces.

Inventory:

Hand Weapons
 a - a +0 short sword (weapon)
Armour
 k - +0 steam dragon scales (worn)
Jewellery
 d - a +6 ring of strength (left hand)
 f - the ring "Enyeninn" {Fire Dex+7}
   (You found it on level 5 of the Lair of Beasts)

   [ring of fire]

   It enhances your fire magic.
   Dex:       It affects your dexterity (+7).
   rF:        It protects you from fire.
   rC:        It makes you vulnerable to cold.
Scrolls
 c - a scroll of fog
Potions
 e - a potion of curing {@q1}
 h - a potion of lignification {unknown}
 j - a potion of heal wounds {unknown}


   Skills:
 - Level 3.6 Fighting
 + Level 9.4 Short Blades
 - Level 5.0 Dodging
 + Level 14.4 Stealth
 - Level 2.4 Evocations


You had 8 spell levels left.
You didn't know any spells.
Your spell library contained the following spells:

 Spells                   Type           Power      Damage    Failure   Level
 Animate Skeleton         Necr           0%         N/A       34%         1
 Pain                     Necr           0%         1d4       34%         1
 Sting                    Tmut/Pois      0%         1d3       34%         1
 Blink                    Tloc           N/A        N/A       47%         2
 Poisonous Vapours        Pois/Air       0%         N/A       47%         2
 Dazzling Flash           Conj/Hex       0%         N/A       71%         3
 Lesser Beckoning         Tloc           0%         N/A       71%         3
 Ozocubu's Armour         Ice            0%         N/A       71%         3
 Vampiric Draining        Necr           0%         2d6       71%         3
 Iskenderun's Mystic Bla  Conj/Tloc      0%         2d3       98%         4
 Olgreb's Toxic Radiance  Pois           0%         N/A       98%         4
 Manifold Assault         Tloc           0%         N/A       100%        5
 Metabolic Englaciation   Hex/Ice        0%         N/A       100%        5
 Simulacrum               Ice/Necr       0%         N/A       100%        6
 Starburst                Conj/Fire      0%         8x6d3     100%        6


Dungeon Overview and Level Annotations

Branches:
Dungeon (9/15)               Lair (6/6) D:9
 Temple: D:4-7        Swamp: Lair:2-4    Shoals: Lair:2-4     Snake: Lair:2-4
 Spider: Lair:2-4     Slime: Lair:5-6       Orc: D:9-12

Altars:
Ashenzari
Dithmenos
Elyvilon
Nemelex Xobeh
Wu Jian
Zin
The Shining One

Annotations:
D:4 Robin
D:6 Blork the orc
D:7 Prince Ribbit
Lair:5 Urug


Innate Abilities, Weirdness & Mutations

You are very small and have problems with some larger weapons.
You are too small for most types of armour.
You have supernaturally acute eyesight. (SInv)
You cover ground extremely quickly. (Speed+++)


Message History

Press: ? - help, . - travel, g - get item You can't see that place. [Stash: the +4 skin of Zhor {*Englaciate rC+++ SInv}] [the floor.]
You open the door.
A rime drake comes into view.
The rime drake hisses angrily.
Being near the torpor snail leaves you feeling lethargic.
There is an open door here.
Aiming: Iceblast
Press: ? - help, Shift-Dir - straight line, f - rime drake
Aim: a rime drake The mass of ice explodes!
The iceblast engulfs the rime drake!
The rime drake partially resists.
The rime drake is moderately wounded.
The now-empty wand crumbles to dust.
The rime drake hisses angrily.
The rime drake barely misses you.
You hit the rime drake but do no damage.
The rime drake is moderately wounded.
The rime drake completely misses you.
You feel yourself speed up.
Being near the torpor snail leaves you feeling lethargic.
You feel yourself speed up. The rime drake breathes ice at you.
The flash freeze misses you.
Aiming: Dig
Press: ? - help, Shift-Dir - straight line, p - rime drake A rock wall.
The rock shatters into small pieces.
The now-empty wand crumbles to dust.
The rime drake breathes ice at you. The flash freeze hits you!!!
Ouch! That really hurt!
* * * LOW HITPOINT WARNING * * *
You are encased in ice.
The ice encasing you melts away. The rime drake breathes ice at you.
The flash freeze hits you!!
Ouch! That really hurt!
You die...

...............
............... ... ..
............... ... .
######..#....####.# .# #
..#####......#.#.#####.##.Y
........................YY.
...........................
...........................
................@<.........
###.#.##.###P..#.###.###.##
# ######## ##.#### ## ##.##
##.## ##.## ##k##
########.## ###
P.#.#.#..#######


You could see a rime drake (catching breath).

Vanquished Creatures
  A hydra (Lair:4)
  2 komodo dragons (Lair:4)
  A rime drake (Lair:4)
  3 blink frogs (Lair:6)
  A basilisk (Lair:4)
  A steam dragon (D:8)
  A water moccasin (D:8)
  A sky beast (D:8)
  A bullfrog (Lair:4)
  4 killer bees (D:4)
  3 wights (D:8)
  2 iguanas
  3 orcs
  A goblin (D:4)
  A kobold (D:4)
26 creatures vanquished.

Vanquished Creatures (collateral kills)
  A giant cockroach (D:3)
  A hobgoblin (D:3)
  A frilled lizard (D:3)
3 creatures vanquished.

Vanquished Creatures (others)
  8 fungi
  17 plants
25 creatures vanquished.

Grand Total: 54 creatures vanquished

Notes
Turn   | Place    | Note
-------+----------+-------------------------------------------
     0 | D:5      | freelancePsychic the Spriggan Delver began the quest for
                  | the Orb.
     0 | D:5      | Reached XP level 1. HP: 11/11 MP: 2/2
    22 | D:5      | Noticed an iguana
    26 | D:5      | Killed an iguana
    27 | D:5      | Reached XP level 2. HP: 16/16 MP: 3/3
    50 | D:4      | Found a white marble altar of Elyvilon.
    88 | D:4      | Noticed a killer bee
    96 | D:4      | Found a broken altar of Ashenzari.
   112 | D:4      | Noticed Robin
   125 | D:3      | Reached XP level 3. HP: 16/19 MP: 4/4
   209 | D:3      | Found a sparkling altar of Nemelex Xobeh.
   210 | D:3      | Found an ornate altar of the Wu Jian Council.
   210 | D:3      | Found a glowing silver altar of Zin.
   211 | D:3      | Found a glowing golden altar of the Shining One.
   218 | D:3      | Became a worshipper of the Wu Jian Council
   399 | D:4      | Noticed a killer bee
   399 | D:4      | Noticed a killer bee
   399 | D:4      | Noticed a killer bee
   399 | D:4      | Noticed a killer bee
   399 | D:4      | Noticed a killer bee
   400 | D:4      | Killed a killer bee
   401 | D:4      | Reached skill level 8 in Stealth
   401 | D:4      | Reached XP level 4. HP: 24/24 MP: 5/5
   403 | D:4      | Reached XP level 5. HP: 28/28 MP: 6/6
   484 | D:6      | Noticed Blork the orc
   488 | D:6      | Noticed a black bear
   568 | D:6      | Reached skill level 9 in Stealth
   984 | D:7      | Found a shadowy altar of Dithmenos.
   991 | D:7      | Noticed a sky beast
  1018 | D:7      | Noticed Prince Ribbit
  1077 | D:8      | Noticed a water moccasin
  1080 | D:8      | Noticed a steam dragon
  1100 | D:8      | Killed a water moccasin
  1101 | D:8      | Reached XP level 6. HP: 29/32 MP: 7/7
  1126 | D:8      | Killed a steam dragon
  1416 | D:8      | Noticed a sky beast
  1464 | D:8      | Killed a sky beast
  1465 | D:8      | Reached skill level 1 in Evocations
  1465 | D:8      | Reached XP level 7. HP: 36/36 MP: 8/8
  1738 | D:8      | Reached skill level 10 in Stealth
  1742 | D:8      | Reached skill level 5 in Dodging
  2013 | D:9      | Found a staircase to the Lair.
  2013 | D:9      | Noticed a komodo dragon
  2098 | Lair:1   | Entered Level 1 of the Lair of Beasts
  2098 | Lair:1   | Noticed a komodo dragon
  2111 | Lair:1   | Noticed a four-headed hydra
  2121 | Lair:2   | Noticed a cane toad
  2222 | Lair:2   | Noticed a komodo dragon
  2229 | Lair:3   | Noticed a black mamba
  2266 | Lair:4   | Noticed a yak
  2267 | Lair:4   | Noticed a yak
  2267 | Lair:4   | Noticed a yak
  2287 | Lair:4   | Noticed a lindwurm
  2338 | Lair:4   | Noticed a komodo dragon
  2344 | Lair:4   | Killed a komodo dragon
  2345 | Lair:4   | Reached skill level 5 in Short Blades
  2345 | Lair:4   | Reached skill level 11 in Stealth
  2358 | Lair:4   | Noticed a yak
  2360 | Lair:4   | Noticed a yak
  2360 | Lair:4   | Noticed a yak
  2361 | Lair:4   | Noticed a yak
  2395 | Lair:5   | Noticed a blink frog
  2401 | Lair:5   | Noticed Urug
  2407 | Lair:5   | HP: 1/36 [Urug (20)]
  2738 | Lair:4   | Reached XP level 8. HP: 23/41 MP: 9/9
  2884 | Lair:4   | Noticed a rime drake
  2891 | Lair:4   | Killed a rime drake
  2929 | Lair:5   | Identified the ring "Enyeninn" {Fire Dex+7}
  3037 | Lair:5   | Noticed a blink frog
  3056 | Lair:5   | Noticed a rime drake
  3080 | Lair:5   | Noticed an elephant
  3081 | Lair:5   | Noticed an elephant
  3081 | Lair:5   | Noticed an elephant
  3097 | Lair:6   | Entered Level 6 of the Lair of Beasts
  3097 | Lair:6   | Noticed a blink frog
  3097 | Lair:6   | Noticed a blink frog
  3098 | Lair:6   | Noticed a blink frog
  3102 | Lair:6   | Killed a blink frog
  3103 | Lair:6   | Reached skill level 12 in Stealth
  3104 | Lair:6   | Killed a blink frog
  3108 | Lair:6   | Killed a blink frog
  3109 | Lair:6   | Reached skill level 13 in Stealth
  3115 | Lair:6   | Noticed a manticore
  3117 | Lair:6   | Noticed a death yak
  3117 | Lair:6   | Noticed a death yak
  3117 | Lair:6   | Noticed a death yak
  3117 | Lair:6   | Noticed a death yak
  3117 | Lair:6   | Noticed a death yak
  3118 | Lair:6   | Noticed a death yak
  3282 | Lair:4   | Noticed a komodo dragon
  3282 | Lair:4   | Noticed an eight-headed hydra
  3285 | Lair:4   | Killed a komodo dragon
  3286 | Lair:4   | Reached XP level 9. HP: 44/44 MP: 10/10
  3286 | Lair:4   | Killed an eight-headed hydra
  3287 | Lair:4   | Reached skill level 14 in Stealth
  3297 | Lair:4   | Noticed a rime drake
  3299 | Lair:4   | Found the +4 skin of Zhor {*Englaciate rC+++ SInv}
  3307 | Lair:4   | Noticed a torpor snail
  3307 | Lair:4   | Noticed a rime drake
  3308 | Lair:4   | Noticed a torpor snail
  3309 | Lair:4   | Noticed a rime drake
  3310 | Lair:4   | Noticed a rime drake
  3313 | Lair:4   | Noticed a rime drake
  3341 | Lair:4   | Killed from afar by a rime drake

Illustrated notes

Levels and vault maps discovered:
D:3:      layout_basic, chequers_temple_overflow_statue_of_worship,
          kennysheep_potato
D:4:      layout_loops_ring, lemuel_round_altar,
          mainiacjoe_overflow_small_starburst, lemuel_doored_altar,
          cheibrodos_sewer_entry_bend, uniq_robin, uniq_sigmund
D:5:      layout_loops_ring, bh_walls_and_bars
D:6:      layout_cave_pools, uniq_blork_the_orc
D:7:      layout_loops_cross, kennysheep_mini, grunt_temple_overflow_open,
          nicolae_dithmenos_shadow_blocks, temple_green, uniq_prince_ribbit1,
          uniq_menkaure
D:8:      layout_basic
D:9:      layout_basic, david_lair_shrubbed, uniq_harold
Lair:1:   layout_misc_corridors, serial_bayou_lake_a, grunt_megastairs_4
Lair:2:   minmay_lair_oklob_tunnel, layout_gridlike
Lair:3:   layout_chaotic_city, elwin_shoals_entry_rooms, dummy_spider_entry,
          small_statue_intersection
Lair:4:   nzn_winding_woodlands_cross [nzn_winding_woodlands_5x15_default,
          nzn_winding_woodlands_5x15_longhouse, nzn_winding_woodlands_5x15_pool,
          nzn_winding_woodlands_5x15_eye,
          nzn_winding_woodlands_15x15_boxy_spiral], layout_long_grid,
          hellmonk_guarded_unrand_zhor
Lair:5:   layout_layer_cave, serial_bayou_shore_a, uniq_urug
Lair:6:   gammafunk_lair_ancient_temple, layout_loops_ring, slime_altar_2,
          bobbens_dragon_lair_wall, serial_bayou_shore_b

Skill      XL: |  1  2  3  4  5  6  7  8  9 |
---------------+----------------------------+-----
Fighting       | 3 |  3.6
Short Blades   | 3 4 6 8 9 |  9.4
Stealth        | 8 9 11 13 14 | 14.4
Dodging        | 3 4 5 |  5.0
Evocations     | 1 2 |  2.4

Action                   |  1- 3 |  4- 6 |  7- 9 || total
-------------------------+-------+-------+-------++-------
Melee: Short sword       |    17 |    30 |    53 ||   100
Invok: Lunge             |       |     4 |     5 ||     9
Evoke: Wand              |       |    11 |    13 ||    24
  Use: Scroll            |     4 |     2 |     2 ||     8
       Potion            |       |     1 |     1 ||     2
 Stab: Sleeping          |     4 |     4 |     9 ||    17
       Distracted        |       |     1 |       ||     1
Armor: Robe              |     3 |     2 |       ||     5
       Steam dragon scal |       |       |     1 ||     1
Dodge: Dodged            |    12 |    25 |    43 ||    80
